 Dungeon Crawl Stone Soup version 0.27-a0-681-g0c81a3c1c3 (webtiles) character file.

Game seed: 12924564598014415461

163 Lanoc the Slasher (level 5, -2/64 HPs)
             Began as a Barachi Berserker on Mar 19, 2021.
             Was a Believer of Trog.
             Slain by a hobgoblin
             ... wielding a +0 club
              (5 damage)
             ... on level 3 of the Dungeon.
             The game lasted 00:02:46 (3067 turns).

Lanoc the Slasher (Barachi Berserker)               Turns: 3067, Time: 00:02:47

Health: -2/64      AC:  2    Str: 19    XL:     5   Next: 44%
Magic:  5/5        EV: 12    Int:  7    God:    Trog [**....]
Gold:   61         SH:  0    Dex: 12    Spells: 4/4 levels left

rFire    . . .     SeeInvis .   a - +0 falchion
rCold    . . .     Faith    .   (no shield)
rNeg     . . .     Spirit   .   b - +0 animal skin
rPois    .         Reflect  .   (no helmet)
rElec    .         Harm     .   (no cloak)
rCorr    .         Rampage  .   (no gloves)
Will     .....                  (no boots)
Stlth    ..........             (no amulet)
HPRegen  0.20/turn              (no ring)
MPRegen  0.09/turn              (no ring)

@: berserking, quick
A: +LOS, amphibious, slowness 1, strong legs 1
a: Hop, Renounce Religion, Berserk, Trog's Hand


You were on level 3 of the Dungeon.
You worshipped Trog.
Trog was pleased with you.
You visited 1 branch of the dungeon, and saw 3 of its levels.

You collected 61 gold pieces.

Inventory:

Hand Weapons
 a - a +0 falchion (weapon)
Missiles
 f - 6 curare-tipped darts (quivered)
Armour
 b - a +0 animal skin (worn)
Scrolls
 c - 3 scrolls of teleportation {unknown}
 e - 5 scrolls of identify {unknown}
 g - 2 scrolls of amnesia {unknown}
 h - 2 scrolls of fog {unknown}
 i - 2 scrolls of enchant armour {unknown}
 j - a scroll of blinking {unknown}
Potions
 d - a potion of might {unknown}
 k - a potion of lignification {unknown}
Miscellaneous
 l - a tin of tremorstones (2/2)


   Skills:
 + Level 4.5 Fighting
 * Level 5.3 Long Blades
 + Level 3.5 Armour
 + Level 3.3 Dodging


You had 4 spell levels left.
You didn't know any spells.
Your spell library was empty.

Dungeon Overview and Level Annotations

Branches:
Dungeon (3/15)

Altars:

Shops:
D:2 !

Annotations:
D:3 diceflayer's ghost, amateur FoFi


Innate Abilities, Weirdness & Mutations

You can be seen from farther away. (+LOS)
You are amphibious.
You cover ground slowly.
You can hop short distances.


Message History

The bat hits you but does no damage.
You miss the bat.
The bat is severely wounded.
The bat misses you. The bat hits you but does no damage.
You slash the bat!
You kill the bat!
Trog accepts your kill.
A red film seems to cover your vision as you go berserk!
You feel yourself moving faster!
You feel mighty! Diceflayer's ghost hits you!
You hit diceflayer's ghost.
Diceflayer's ghost is lightly damaged.
You hit diceflayer's ghost.
Diceflayer's ghost is moderately damaged.
The hobgoblin barely misses you.
Diceflayer's ghost hits you but does no damage.
You barely miss diceflayer's ghost.
Diceflayer's ghost is moderately damaged.
The hobgoblin hits you with a +0 club. Diceflayer's ghost hits you!
* * * LOW HITPOINT WARNING * * *
You hit diceflayer's ghost but do no damage.
Diceflayer's ghost is moderately damaged.
You closely miss diceflayer's ghost.
Diceflayer's ghost is moderately damaged.
The hobgoblin barely misses you.
You riposte.
You barely miss the hobgoblin.
The hobgoblin is heavily wounded.
Diceflayer's ghost hits you!
* * * LOW HITPOINT WARNING * * *
You slash diceflayer's ghost!
Diceflayer's ghost is heavily damaged.
The hobgoblin hits you with a +0 club.
* * * LOW HITPOINT WARNING * * *
Diceflayer's ghost closely misses you.
You riposte.
You hit diceflayer's ghost but do no damage.
Diceflayer's ghost is heavily damaged.
You hit diceflayer's ghost.
Diceflayer's ghost is heavily damaged.
You closely miss diceflayer's ghost.
Diceflayer's ghost is heavily damaged.
The hobgoblin hits you with a +0 club.
You die...

#.# ###.###.........###.. #.#
#........######.###.. #.#
#.....##.###)...#.... #.#
######..#.............### #.#
##.........#.............. #.#
#..######.....############ #.#
#.#######...#.# ##...## #
#.###.##..#.g.###.# #.....###
#.#..<##....#@# #.## #........
#.#.####....#W# #..# #.....##'
#.#.##....#...####.####...##..
#.#.##..#####...##.##.##.##...
#.#.##.##........#..#..#.#...†
#.#.#..##.........#.#..#)#....
#...#..##.............##.#....
##..#.................##.##...
#......###'''###....##...##..


You could see diceflayer's ghost and a hobgoblin.

Vanquished Creatures
  A bullfrog skeleton (D:3)
  Jessica (D:2)
  4 adders
  3 worms
  2 dart slugs
  4 leopard geckos
  8 orcs (D:3)
  4 bats
  2 giant cockroaches
  2 goblins (D:3)
  5 hobgoblins
  3 kobolds
  A quokka (D:3)
  2 ball pythons (D:3)
  2 frilled lizards (D:3)
  A leopard gecko skeleton (D:3)
  4 rats
49 creatures vanquished.

Vanquished Creatures (others)
  2 plants (D:1)
2 creatures vanquished.

Grand Total: 51 creatures vanquished

Notes
Turn   | Place    | Note
-------+----------+-------------------------------------------
     0 | D:1      | Lanoc the Barachi Berserker began the quest for the Orb.
     0 | D:1      | Reached XP level 1. HP: 18/18 MP: 1/1
   202 | D:1      | Reached XP level 2. HP: 21/25 MP: 2/2
   296 | D:2      | Reached skill level 4 in Long Blades
   436 | D:2      | Reached XP level 3. HP: 20/30 MP: 3/3
   710 | D:2      | Noticed Jessica
   718 | D:2      | Killed Jessica
   932 | D:2      | Found Noovahit's Distillery.
  1110 | D:3      | Reached XP level 4. HP: 37/37 MP: 4/4
  1460 | D:3      | Reached skill level 5 in Long Blades
  1460 | D:3      | Reached ** piety under Trog
  1762 | D:3      | Reached XP level 5. HP: 29/43 MP: 5/5
  2355 | D:3      | Found a runed translucent gate.
  2355 | D:3      | Found a runed translucent gate.
  2355 | D:3      | Found a runed translucent gate.
  2530 | D:3      | Noticed diceflayer's ghost (amateur FoFi)
  3065 | D:3      | HP: 3/64 [hobgoblin/+0 club (6)]
  3067 | D:3      | Slain by a hobgoblin

Illustrated notes

Levels and vault maps discovered:
D:1:      giann_forest_graveyard, layout_loops_ring, serial_bayou_lagoon_a,
          minmay_misc_feat_nine_boxes, minmay_hexomino_u4
D:2:      minmay_door_path, layout_rooms, serial_shops,
          nicolae_shop_competitors_out_of_business, serial_curves,
          eino_curves_03, eino_curves_02, minmay_cupped, uniq_jessica
D:3:      minmay_octagon_keep, layout_rooms, gammafunk_ghost_split

Skill      XL: |  1  2  3  4 |
---------------+-------------+-----
Long Blades    | 4 5 |  5.3
Fighting       | 4 |  4.5
Armour         | 3 |  3.5
Dodging        | 3 |  3.3

Action                   |  1- 3 |  4- 6 || total
-------------------------+-------+-------++-------
Melee: Falchion          |    36 |   119 ||   155
Invok: Berserk           |     4 |     6 ||    10
Armor: Animal skin       |     3 |    16 ||    19
Dodge: Dodged            |    18 |    87 ||   105
       Rpst.: Falchion   |     4 |    33 ||    37

Table legend: (Time is in decaauts)
 A = Elapsed time spent in this place.
 B = Non-inter-level travel time spent in this place.
 C = Inter-level travel time spent in this place.
 D = Time resting spent in this place.
 E = Time spent auto-exploring this place.
 F = Levels seen in this place.
 G = Mean time per level.
                   A        B        C        D        E       F      G
               +--------+--------+--------+--------+--------+-----+--------+
         Total |   3380 |   3346 |     34 |      0 |   2954 |   3 | 1126.7 |
       Dungeon |   3380 |   3346 |     34 |      0 |   2954 |   3 | 1126.7 |
               +--------+--------+--------+--------+--------+-----+--------+

Top non-repeatable levels by time:
     D:3: 2150 daAuts
     D:2: 997 daAuts
     D:1: 232 daAuts
